AoeStats
← DeXal

Arabia

507762381Analyzed
1v1 RM · 12d ago on Sep 19, 2026· 18m 54s· 2 players
Game mode
Random Map
Map size
Tiny (2 player)
Population
200
Speed
Normal
Resources
Standard
Victory
Conquest
Starting age
Dark Age
Ending age
Imperial Age
RankedLock teamsTeams togetherTeam positionsShared explorationLock speedFull tech treeHidden civsTurbo modeCheats
Victory
Defeat
🇨🇳 Goths · China
996
+17
🇫🇮 Poles · Finland
1011
-17
小尚
2:56 Loom
12:59 Feudal Age
14:34 Double-Bit Axe
14:23 Man-at-Arms
15:18 Scale Mail Armor
18:00 Forging
DeXal
6:47 Loom
9:15 Feudal Age
11:12 Double-Bit Axe
Connection lost

Rejoining the realm…

Still unreachable

The connection could not be restored.

Session expired

The server has moved on; the page needs a fresh start.